 Dungeon Crawl Stone Soup version 0.31-a0-700-gf13585253f (webtiles) character file.

Game seed: 5270053928099584175

29 qw the Shooter (level 3, 0/21 HPs)
             Began as a Gargoyle Hunter on Sept 7, 2023.
             Slain by a jackal (1 damage)
             ... on level 1 of the Dungeon.
             The game lasted 00:00:15 (248 turns).

qw the Shooter (Gargoyle Hunter)                     Turns: 248, Time: 00:00:15

Health: 0/21       AC:  8    Str: 14    XL:     3   Next: 16%
Magic:  3/3        EV: 10    Int:  9    God:
Gold:   39         SH:  0    Dex: 15    Spells: 2/2 levels left

rFire   . . .        a - +0 shortbow
rCold   . . .        (shield currently unavailable)
rNeg    + . .        d - +0 ring mail
rPois   inf          (no helmet)
rElec   +            (no cloak)
rCorr   .            (no gloves)
SInv    .            (no boots)
Will    .....        (no amulet)
Stlth   +            (no ring)
HPRegen 0.23/turn    (no ring)
MPRegen 0.08/turn

%: no passive effects
@: no status effects
A: sickness immunity, AC +3, negative energy resistance 1, electricity
resistance, torment resistance 1, petrification resistance
a: no special abilities


You were on level 1 of the Dungeon.
You visited 1 branch of the dungeon, and saw 2 of its levels.

You collected 39 gold pieces.


Innate Abilities, Weirdness & Mutations

You are immune to sickness and miasma.
Your stone body is resilient. (AC +3)
You are immune to poison.
You resist negative energy. (rN+)
You are resistant to electric shocks. (rElec)
You are resistant to unholy torment.
You are immune to petrification.


   Skills:
 - Level 2.1 Fighting
 + Level 4.8 Ranged Weapons
 - Level 1.1 Armour
 - Level 1.5 Dodging
 - Level 1.1 Stealth


You had 2 spell levels left.
You didn't know any spells.
Your spell library was empty.

Inventory:

Hand Weapons
 a - a +0 shortbow (weapon)
Armour
 d - a +0 ring mail (worn)
Potions
 b - a potion of attraction {unknown}
 e - a potion of mutation {unknown}
 f - a potion of enlightenment {unknown}

Dungeon Overview and Level Annotations

Branches:
Dungeon (2/15)

Altars:


Message History

You shoot an arrow.
The arrow hits the jackal but does no damage.
The jackal is severely wounded.
The jackal bites you but does no damage. x3
The jackal bites you. The jackal barely misses you.
The jackal completely misses you.
You shoot an arrow. The arrow closely misses the jackal.
The arrow hits the jackal.
You kill the jackal!
The jackal bites you but does no damage.
The jackal closely misses you. The jackal barely misses you. x3
You shoot an arrow. The arrow closely misses the jackal.
The jackal bites you. x2
The jackal bites you but does no damage.
The jackal barely misses you.
The jackal bites you but does no damage.
You shoot an arrow. The arrow barely misses the jackal.
The jackal bites you but does no damage. x6
You shoot an arrow. The arrow hits the jackal.
You kill the jackal!
The jackal misses you.
The jackal bites you but does no damage. x2
You shoot an arrow.
The arrow hits the jackal but does no damage.
The jackal bites you but does no damage. x2
The jackal misses you.
You shoot an arrow. The arrow closely misses the jackal.
The jackal barely misses you. x2
The jackal bites you but does no damage. x2
You shoot an arrow. The arrow hits the jackal!
You kill the jackal!
The jackal misses you.
The jackal bites you but does no damage.
You shoot an arrow.
The arrow hits the jackal but does no damage.
The jackal bites you but does no damage.
The jackal bites you.
You shoot an arrow. The arrow closely misses the jackal.
The jackal bites you. x2
You die...

#### #..# ##.### ##
#.#.# . #...# #######
#####. ###.###.....#
#.....#### #...#.###.#
#......h.######.#...#.#
.......@...........>..#
#.....########....#.###
#.... #.##...# #...
########.##.#.# ...
#.........#...# ## ..
#....)#######.# .. .
.##.....# #.# .#
........+ #.# ..
........#+###


You could see a jackal.

Vanquished Creatures
  3 endoplasms
  4 giant cockroaches (D:1)
  A goblin (D:1)
  3 hobgoblins (D:1)
  3 jackals (D:1)
  4 ball pythons (D:1)
  2 bats (D:1)
  2 frilled lizards (D:1)
  3 rats (D:1)
25 creatures vanquished.

Notes
Turn   | Place    | Note
-------+----------+-------------------------------------------
     0 | D:1      | qw the Gargoyle Hunter began the quest for the Orb.
     0 | D:1      | Reached XP level 1. HP: 12/12 MP: 1/1
     0 | D:1      | 0 ||| qw: Version: 0.3-a-76-g4403597
     0 | D:1      | 0 ||| qw: Game counter: 537
     0 | D:1      | 0 ||| qw: Melee chars always use a shield: true
     0 | D:1      | 0 ||| qw: God list: Okawaru
     0 | D:1      | 0 ||| qw: Allow faded altars: false
     0 | D:1      | 0 ||| qw: Do Orc after clearing Dungeon:15 true
     0 | D:1      | 0 ||| qw: Do second Lair branch before Depths: true
     0 | D:1      | 0 ||| qw: Lair rune preference: random
     0 | D:1      | 0 ||| qw: Goals: Normal
     0 | D:1      | 0 ||| PLANNING D:1-11
    81 | D:1      | You fall into a shaft and drop 1 floor!
    87 | D:2      | 87 ||| UPGRADING to +0 ring mail.
    97 | D:2      | 97 ||| DROPPING +0 leather armour.
    98 | D:2      | 98 ||| DROPPING scroll of butterflies.
   109 | D:1      | 109 ||| Stepping ~*~*~tactically~*~*~ (retreating).
   110 | D:1      | 110 ||| Stepping ~*~*~tactically~*~*~ (retreating).
   111 | D:1      | 111 ||| Stepping ~*~*~tactically~*~*~ (retreating).
   112 | D:1      | 112 ||| Stepping ~*~*~tactically~*~*~ (retreating).
   114 | D:1      | Reached XP level 2. HP: 17/17 MP: 2/2
   122 | D:1      | Reached skill level 1 in Armour
   191 | D:1      | Reached XP level 3. HP: 21/21 MP: 3/3
   241 | D:1      | HP: 4/21 [jackal (2)]
   247 | D:1      | HP: 4/21 [jackal (2)]
   248 | D:1      | HP: 1/21 [jackal (3)]
   248 | D:1      | Slain by a jackal

Levels and vault maps discovered:
D:1:      minmay_arrival_five_plusses, layout_basic,
          shapermc_ecumenical_altar_hornbeckon
D:2:      layout_basic

Skill      XL: |  1  2 |
---------------+-------+-----
Armour         | 1 |  1.1
Fighting       | |  2.1
Ranged Weapons | |  4.8
Dodging        | |  1.5
Stealth        | |  1.1

Action                     || total
---------------------------++-------
   Fire: Shortbow          ||    77
 Armour: Ring mail         ||    79
         Leather armour    ||     2
  Dodge: Dodged            ||    49

Table legend:
 A = Non-vault XP
 B = Vault XP
 C = Vault XP percentage of total XP
 D = Non-vault monster count
 E = Vault monster count
 F = Vault count percentage of total count
                 A         B        C        D         E       F
            +---------+---------+-------+---------+---------+-------
      Total |      42 |       0 |   0.0 |      25 |       0 |   0.0
            +---------+---------+-------+---------+---------+-------
        D:1 |      40 |       0 |   0.0 |      24 |       0 |   0.0
        D:2 |       2 |       0 |   0.0 |       1 |       0 |   0.0
            +---------+---------+-------+---------+---------+-------
